 Dungeon Crawl Stone Soup version 0.31-a0-229-g1fc7ce9 (webtiles) character file.

Game seed: 12217019482370134991

5010 Dawnplanks the Zephyrmancer (level 10, -6/73 HPs)
             Began as a Demigod Air Elementalist on July 6, 2023.
             Mangled by a boulder beetle (20 damage)
             ... on level 9 of the Dungeon.
             The game lasted 00:19:11 (9914 turns).

Dawnplanks the Zephyrmancer (DgAE)                  Turns: 9914, Time: 00:19:12

Health: -6/73      AC: 10    Str:  9    XL:     10   Next: 9%
Magic:  7/26       EV: 13    Int: 29    God:
Gold:   485        SH:  0    Dex: 20    Spells: 10/24 levels left

rFire   . . .        A - +4 battleaxe
rCold   . . .        (shield currently unavailable)
rNeg    . . .        D - +0 steam dragon scales
rPois   .            p - +2 helmet
rElec   .            q - +0 cloak
rCorr   .            (no gloves)
SInv    .            (no boots)
Will    +....        j - amulet of the acrobat
Stlth   ++           x - ring of wizardry
HPRegen 0.32/turn    B - +6 ring of dexterity
MPRegen 0.20/turn

%: acrobat, wizardry (x1)
@: no status effects
A: high MP 1, forlorn, divine attributes
a: no special abilities


You were on level 9 of the Dungeon.
You visited 1 branch of the dungeon, and saw 8 of its levels.

You collected 485 gold pieces.

Inventory:

Hand Weapons
 n - a +2 vampiric dagger
 A - a +4 battleaxe (weapon)
Armour
 p - a +2 helmet (worn)
 q - a +0 cloak (worn)
 D - +0 steam dragon scales (worn)
Magical Staves
 u - a staff of poison
Jewellery
 f - a ring of fire
 j - an amulet of the acrobat (around neck)
 x - a ring of wizardry (left hand)
 B - a +6 ring of dexterity (right hand)
Wands
 a - a wand of paralysis (3)
 l - a wand of flame (40)
 v - a wand of mindburst (14)
Scrolls
 d - 4 scrolls of fear
 i - a scroll of fog
 k - 4 scrolls of teleportation {unknown}
 m - 3 scrolls of noise
 o - a scroll of immolation
 s - 2 scrolls of enchant armour {unknown}
 t - 2 scrolls of poison {unknown}
 w - a scroll of silence
 y - a scroll of amnesia
 z - a scroll of enchant weapon {unknown}
 C - a scroll of vulnerability {unknown}
Potions
 b - 2 potions of magic
 c - 2 potions of degeneration {unknown}
 e - 7 potions of curing
 g - a potion of cancellation
 h - a potion of enlightenment {unknown}
 r - a potion of brilliance {unknown}
 E - a potion of invisibility {unknown}


   Skills:
 + Level 2.3 Fighting
 + Level 3.2 Armour
 + Level 3.1 Dodging
 - Level 1.7 Stealth
 + Level 7.9 Spellcasting
 + Level 5.0 Conjurations
 - Level 0.7 Summonings
 + Level 8.9 Air Magic
 + Level 0.1 Poison Magic


You had 10 spell levels left.
You knew the following spells:

 Your Spells              Type           Power      Damage    Failure   Level
a - Shock                 Conj/Air       100%       1d9       1%          1
b - Static Discharge      Conj/Air       100%       2-7/arc   1%          2
c - Swiftness             Air            59%        N/A       1%          3
d - Magic Dart            Conj           100%       1d8       1%          1
e - Airstrike             Air            29%        2d(5-21)  1%          4
f - Mephitic Cloud        Conj/Pois/Air  38%        N/A       1%          3

Your spell library contained the following spells:

 Spells                   Type           Power      Damage    Failure   Level
 Sting                    Tmut/Pois      44%        1d5       1%          1
 Call Imp                 Summ           30%        N/A       1%          2
 Cigotuvi's Dreadful Rot  Necr/Pois/Air  58%        N/A       1%          2
 Momentum Strike          Conj/Tloc      52%        3d9       1%          2
 Poisonous Vapours        Pois/Air       74%        N/A       1%          2
 Blink                    Tloc           22%        N/A       2%          2
 Lesser Beckoning         Tloc           22%        N/A       2%          2
 Summon Guardian Golem    Hex/Summ       13%        N/A       4%          3
 Olgreb's Toxic Radiance  Pois           12%        N/A       17%         4
 Animate Dead             Necr           11%        N/A       19%         4
 Dispel Undead            Necr           11%        3d9       19%         4
 Borgnjor's Vile Clutch   Necr/Erth      5%         N/A       45%         5
 Orb of Destruction       Conj           20%        9d8       87%         7
 Death Channel            Necr           5%         N/A       94%         6
 Spellforged Servitor     Conj/Summ      14%        N/A       99%         7


Dungeon Overview and Level Annotations

Branches:
Dungeon (9/15)               Lair (0/5) D:8
 Temple: D:4-7          Orc: D:9-12

Shops:
D:6 (

Annotations:
D:8 1 runed translucent door, aor's ghost, novice SpEn
D:9 1 transporter


Innate Abilities, Weirdness & Mutations

You have an increased reservoir of magic. (+10% MP)
You shall have no god before yourself.
Your divine heritage dramatically boosts your attributes as you level up.


Message History

Aim: a boulder beetle (heavily wounded, confused, 100% to hit)
The zap hits the boulder beetle but does no damage.
The boulder beetle is heavily wounded.
The zap hits the boulder beetle but does no damage.
The boulder beetle is heavily wounded.
Casting: Shock (safe; 1% risk of failure)
Confirm with . or Enter, or press ? or * to list all spells.
Aiming: Shock (safe; 1% risk of failure)
Press: ? - help, Shift-Dir - straight line, f/p - boulder beetle
Aim: a boulder beetle (heavily wounded, confused, 100% to hit)
The zap hits the boulder beetle but does no damage.
The boulder beetle is heavily wounded.
The zap hits the boulder beetle.
The boulder beetle is severely wounded.
The boulder beetle misses you.
You catch the helpless boulder beetle completely off-guard!
You hit the boulder beetle but do no damage.
The boulder beetle is heavily wounded.
You catch the helpless boulder beetle completely off-guard!
You hit the boulder beetle but do no damage.
The boulder beetle is heavily wounded.
The boulder beetle bites you!
* * * LOW HITPOINT WARNING * * *
The boulder beetle bites itself!
You catch the helpless boulder beetle completely off-guard!
You hit the boulder beetle.
The boulder beetle is severely wounded.
The boulder beetle seems less confused.
The boulder beetle bites you!
* * * LOW HITPOINT WARNING * * *
You feel better.
The boulder beetle waves its antennae.
The boulder beetle misses you.
You hit the boulder beetle but do no damage.
The boulder beetle is severely wounded.
The boulder beetle misses you.
The boulder beetle leaps!
The boulder beetle completely misses you.
You hit the boulder beetle but do no damage.
The boulder beetle is severely wounded.
The boulder beetle bites you!!
You die...

### #.. ###
#8# ###≈###
#8#B#8# ##
##.@.## ..
#.#.#.# ##
#.#°#.# ..
#/#.#.# .#
#.[©..#
#######
#..©..#
##..©..####
#.........##


You could see a boulder beetle.

Vanquished Creatures
  A troll (D:6)
  Sigmund (D:6)
  A wyvern (D:9)
  A steam dragon (D:9)
  3 yaks (D:8)
  4 water moccasins
  An orc warrior (D:7)
  5 ice beasts
  2 sky beasts (D:8)
  4 black bears
  An ogre (D:6)
  The ghost of Decysan the Insei, an amateur OpTm of Dithmenos (D:3)
  2 bullfrogs (D:7)
  2 gnoll sergeants (D:9)
  7 wights (D:6)
  8 killer bees
  A vampire bat (D:6)
  A howler monkey (D:4)
  3 jellies
  4 hounds
  8 orc priests
  Crazy Yiuf (D:2)
  2 iguanas
  Natasha (thrice) (D:2)
  10 orc wizards
  A mummy (D:8)
  6 gnolls (D:9)
  7 adders
  An ufetubus (D:6)
  2 worms (D:2)
  A dart slug (D:2)
  27 orcs
  6 ball pythons
  9 bats
  3 bat skeletons (D:6)
  2 bat zombies (D:6)
  8 endoplasms
  3 giant cockroaches
  9 hobgoblins
  8 jackals (D:1)
  6 kobolds
  4 quokkas
  A frilled lizard (D:2)
  13 goblins
  A kobold zombie (D:8)
  3 orc zombies (D:8)
  8 rats
206 creatures vanquished.

Vanquished Creatures (collateral kills)
  A wight (D:6)
  A killer bee (D:9)
2 creatures vanquished.

Vanquished Creatures (others)
  An orc wizard (D:9)
1 creature vanquished.

Grand Total: 209 creatures vanquished

Notes
Turn   | Place    | Note
-------+----------+-------------------------------------------
     0 | D:1      | Dawnplanks the Demigod Air Elementalist began the quest for
                  | the Orb.
     0 | D:1      | Reached XP level 1. HP: 14/14 MP: 5/5
   131 | D:1      | Reached skill level 1 in Conjurations
   191 | D:1      | Reached skill level 3 in Air Magic
   213 | D:1      | Reached XP level 2. HP: 14/20 MP: 0/7
   811 | D:1      | Reached XP level 3. HP: 27/27 MP: 3/8
  1469 | D:2      | Noticed Natasha
  1474 | D:2      | Killed Natasha
  1478 | D:2      | Learned a level 2 spell: Static Discharge
  1482 | D:2      | Learned a level 3 spell: Swiftness
  1730 | D:2      | Reached XP level 4. HP: 34/34 MP: 4/10
  2348 | D:2      | Noticed Natasha
  2359 | D:2      | Killed Natasha
  2703 | D:2      | Noticed Natasha
  2710 | D:2      | Killed Natasha
  2711 | D:2      | Reached XP level 5. HP: 17/39 MP: 4/12
  2890 | D:2      | Found a runed translucent door.
  2891 | D:2      | Noticed Crazy Yiuf
  2901 | D:2      | Learned a level 2 spell: Call Imp
  2907 | D:2      | Killed Crazy Yiuf
  2908 | D:2      | Reached skill level 4 in Air Magic
  2914 | D:2      | Identified the +2 hammer "Yhupp" {chaos, *Rage rElec rF+++
                  | Dex-5}
  3557 | D:3      | Found a large runed translucent door.
  3557 | D:3      | Found a large runed translucent door.
  3561 | D:3      | Noticed Decysan's ghost (amateur OpTm)
  3646 | D:3      | Killed Decysan's ghost
  3647 | D:3      | Reached skill level 1 in Fighting
  3647 | D:3      | Reached XP level 6. HP: 13/47 MP: 6/14
  4577 | D:4      | Identified the +2 leather armour "Ykhle" {Harm rN++ rCorr
                  | Slay-6}
  4628 | D:4      | Reached skill level 1 in Armour
  4633 | D:4      | Learned a level 4 spell: Airstrike
  4761 | D:4      | You fall into a shaft and drop 3 floors!
  4778 | D:7      | Reached XP level 7. HP: 36/52 MP: 7/16
  4945 | D:6      | Reached skill level 5 in Air Magic
  5203 | D:6      | Noticed Sigmund
  5205 | D:6      | Killed Sigmund
  5212 | D:6      | Reached skill level 5 in Spellcasting
  5212 | D:6      | Reached XP level 8. HP: 59/59 MP: 2/19
  5576 | D:6      | Reached skill level 6 in Air Magic
  6093 | D:6      | Found Vyushryfa's Antique Weapon Boutique.
  6409 | D:6      | Noticed a troll
  6438 | D:6      | Killed a troll
  6439 | D:6      | Reached skill level 7 in Air Magic
  6439 | D:6      | Reached XP level 9. HP: 36/67 MP: 6/22
  7378 | D:7      | Learned a level 1 spell: Magic Dart
  7382 | D:7      | Learned a level 3 spell: Mephitic Cloud
  7766 | D:8      | Reached skill level 8 in Air Magic
  7873 | D:8      | Found a staircase to the Lair.
  8531 | D:8      | Identified the +2 spear of Tionkoty {holy, Stlth+}
  8806 | D:8      | Found a runed translucent door.
  8806 | D:8      | Noticed aor's ghost (novice SpEn)
  8808 | D:8      | Noticed a +1 quarterstaff of chaos
  9543 | D:9      | Reached XP level 10. HP: 73/73 MP: 13/25
  9773 | D:9      | Reached skill level 5 in Conjurations
  9869 | D:9      | Found a transporter.
  9871 | D:9      | Found a transporter.
  9872 | D:9      | Noticed a boulder beetle
  9914 | D:9      | Mangled by a boulder beetle

Illustrated notes

Levels and vault maps discovered:
D:1:      ncdulo_wetmaze, layout_loops_ring
D:2:      kennysheep_six_static_rooms, layout_loops_ring, basic_altar,
          minmay_randomly_rotated_circles, uniq_natasha, uniq_crazy_yiuf_cottage
D:3:      layout_loops_ring, ebering_ghost_disaster_area,
          kennysheep_generic_room_11
D:4:      layout_basic, serial_shops, nicolae_shop_waterfront,
          minmay_hedge_maze, cheibrodos_gnoll_hut
D:6:      minmay_chambers_of_fours, layout_basic, kennysheep_vampire_church,
          serial_curves, eino_curves_02, eino_curves_03, serial_shops, shop,
          hangedman_decor_push, chequers_serial_rivers_large_a, uniq_sigmund
D:7:      layout_basic, chequers_serial_rivers_micro_c
D:8:      layout_cave_pools, lemuel_round_altar, dpeg_oklobed_lair,
          ebering_ghost_xom, serial_co_window_serial, co_window_paths_a,
          co_window_corner_a, co_window_corner_a, co_window_paths_a,
          co_window_paths_a, co_window_corner_a, co_window_of_opportunity_a,
          co_window_of_opportunity_c, co_window_of_opportunity_b,
          co_window_broadway_a, co_window_2corner, co_window_unsneaky_path_e,
          co_window_2corner, co_window_paths_d, hex_tiny, minmay_mini_ossuary
D:9:      gammafunk_boulding_lane, layout_rooms,
          chequers_temple_overflow_statue_of_worship,
          nemelex_diamond_rough_becter

Skill      XL: |  1  2  3  4  5  6  7  8  9 10 |
---------------+-------------------------------+-----
Conjurations   | 1 2 3 4 5 |  5.0
Air Magic      | 3 4 5 7 8 |  8.9
Dodging        | 2 3 |  3.1
Spellcasting   | 2 3 4 5 6 7 |  7.9
Fighting       | 1 2 |  2.3
Armour         | 1 2 3 |  3.2
Stealth        | |  1.7
Summonings     | |  0.7
Poison Magic   | |  0.1

Action                     |  1- 3 |  4- 6 |  7- 9 | 10-12 || total
---------------------------+-------+-------+-------+-------++-------
  Melee: Short sword       |    30 |    11 |       |       ||    41
         Unarmed           |     9 |       |       |       ||     9
         Dagger            |       |    36 |    13 |       ||    49
         Battleaxe         |       |       |    60 |    24 ||    84
   Cast: Shock             |    85 |   143 |    79 |    15 ||   322
         Static Discharge  |       |     6 |     5 |       ||    11
         Call Imp          |       |     1 |     4 |       ||     5
         Airstrike         |       |       |    73 |    13 ||    86
         Mephitic Cloud    |       |       |     3 |     1 ||     4
    Use: Scroll            |       |     6 |     4 |       ||    10
         Potion            |       |       |     1 |     1 ||     2
   Stab: Confused          |       |       |     1 |     4 ||     5
 Armour: Robe              |     3 |       |       |       ||     3
         Leather armour    |       |    18 |    51 |     1 ||    70
         Steam dragon scal |       |       |       |     5 ||     5
  Dodge: Dodged            |    34 |    40 |    93 |    23 ||   190

Table legend: (Time is in decaauts)
 A = Elapsed time spent in this place.
 B = Non-inter-level travel time spent in this place.
 C = Inter-level travel time spent in this place.
 D = Time resting spent in this place.
 E = Time spent auto-exploring this place.
 F = Levels seen in this place.
 G = Mean time per level.
                   A        B        C        D        E       F      G
               +--------+--------+--------+--------+--------+-----+--------+
         Total |   9985 |   9664 |    321 |      0 |   8526 |   8 | 1248.1 |
       Dungeon |   9985 |   9664 |    321 |      0 |   8526 |   8 | 1248.1 |
               +--------+--------+--------+--------+--------+-----+--------+

Top non-repeatable levels by time:
     D:6: 1873 daAuts
     D:2: 1584 daAuts
     D:8: 1550 daAuts
     D:1: 1472 daAuts
     D:3: 1167 daAuts
     D:7: 1105 daAuts
     D:9: 688 daAuts
     D:4: 542 daAuts
